 Dungeon Crawl Stone Soup version 0.31-a0-600-g62dffe198b (webtiles) character file.

Game seed: 6368820211066982894

17411 MacCMillion the Grappler (level 12, -8/124 HPs)
             Began as a Troll Shapeshifter on Aug 21, 2023.
             Was a High Priest of Okawaru.
             Mangled by a skyshark (11 damage)
             ... on level 2 of the Lair of Beasts.
             The game lasted 00:22:45 (12226 turns).

MacCMillion the Grappler (Troll Shapeshifter)      Turns: 12226, Time: 00:22:46

Health: -8/124     AC:  9    Str: 30    XL:     12   Next: 18%
Magic:  12/14      EV: 11    Int:  4    God:    Okawaru [*****.]
Gold:   936        SH:  0    Dex: 10    Spells: 11/11 levels left

rFire   . .          .
                       - Unarmed
rCold   . . .        (no shield)
rNeg    . . .        J - +0 acid dragon scales
rPois   .            (helmet currently unavailable)
rElec   .            (cloak currently unavailable)
rCorr   +            (gloves unavailable)
SInv    .            (boots unavailable)
Will    +....        n - amulet of the acrobat
Stlth   ++           M - ring of willpower
HPRegen 1.20/turn    (no ring)
MPRegen 0.14/turn

%: acrobat
@: beast-form, heroic
A: beast (slay +4), large, unfitting armour, claws 3, regeneration 1, shaggy fur
1, tough skin 1
a: Begin Untransformation, Renounce Religion, Heroism, Finesse, Duel


You were on level 2 of the Lair of Beasts.
You worshipped Okawaru.
Okawaru was extremely pleased with you.
You were a hulking beast.
You visited 3 branches of the dungeon, and saw 14 of its levels.
You also visited: Bailey.

You collected 936 gold pieces.

Inventory:

Missiles
 g - 3 javelins
 z - 18 boomerangs
 A - 13 curare-tipped darts
 F - a throwing net
 K - 3 large rocks
 O - 17 poisoned darts (quivered)
 P - 4 datura-tipped darts
 Q - 4 atropa-tipped darts
Armour
 a - a +0 animal skin
 I - a +1 robe
 J - +0 acid dragon scales (worn)
 Y - a +1 hat
Jewellery
 n - an amulet of the acrobat (around neck)
 y - a ring of wizardry
 B - an amulet of faith
 D - an amulet of reflection
 L - an amulet of guardian spirit
 M - a ring of willpower (left claw)
 U - a ring of fire
 Z - a ring of willpower
Talismans
 c - a beast talisman (active)
 d - a flux talisman
Wands
 G - a wand of mindburst (26)
 H - a wand of digging (5)
 N - a wand of paralysis (6)
 V - a wand of polymorph (4)
 W - a wand of flame (11)
Scrolls
 e - 5 scrolls of teleportation
 i - 2 scrolls of fear
 k - 3 scrolls of immolation
 m - 3 scrolls of vulnerability {unknown}
 p - 4 scrolls of noise {unknown}
 q - a scroll of blinking {unknown}
 r - a scroll of silence
 u - 2 scrolls of amnesia
 v - 4 scrolls of poison {unknown}
 C - 2 scrolls of revelation
 E - a scroll of summoning
 X - a scroll of torment {unknown}
Potions
 b - 3 potions of lignification
 f - 2 potions of resistance
 h - a potion of cancellation {unknown}
 j - 6 potions of might
 l - a potion of ambrosia {unknown}
 o - 7 potions of curing
 s - 2 potions of berserk rage
 t - 2 potions of attraction
 w - a potion of enlightenment {unknown}
 x - 4 potions of brilliance
 R - a potion of haste {unknown}
 S - 2 potions of mutation
 T - 2 potions of degeneration


   Skills:
 + Level 9.5(14.5) Fighting
 - Level 5.0(10.0) Throwing
 - Level 1.5(6.5) Dodging
 - Level 11.0(16.0) Unarmed Combat
 + Level 4.0 Invocations
 + Level 9.9 Shapeshifting


You had 11 spell levels left.
You didn't know any spells.
Your spell library contained the following spells:

 Spells                   Type           Power      Damage    Failure   Level
 Blink                    Tloc           0%         N/A       69%         2
 Lesser Beckoning         Tloc           0%         N/A       69%         2
 Momentum Strike          Conj/Tloc      0%         3d8       69%         2
 Ignite Poison            Fire/Tmut/Pois 0%         N/A       89%         3
 Anguish                  Hex/Necr       0%         N/A       100%        4
 Cause Fear               Hex            0%         N/A       100%        4
 Sticky Flame             Conj/Fire      0%         2d3       100%        4
 Enfeeble                 Hex            0%         N/A       100%        7
 Ignition                 Fire           0%         3d3       100%        8


Dungeon Overview and Level Annotations

Branches:
Dungeon (11/15)            Temple (1/1) D:4            Lair (2/5) D:8
 Bailey (visited)
  Swamp: Lair:2-3    Shoals: Lair:2-3     Snake: Lair:2-3    Spider: Lair:2-3
    Orc: D:9-12

Altars:
Ashenzari
Cheibriados
Dithmenos
Elyvilon
Fedhas
Gozag
Hepliaklqana
Kikubaaqudgha
Makhleb
Nemelex Xobeh
Okawaru
Qazlal
Ru
Sif Muna
Trog
Uskayaw
Vehumet
Wu Jian
Xom
Yredelemnul
Zin
The Shining One

Shops:
D:2 (   D:6 [

Annotations:
D:11 3 runed translucent doors, Tarkan's ghost, journeyman MiBe


Innate Abilities, Weirdness & Mutations

You are a hulking beast.
Your limbs bulge with bestial killing power. (Slay +4)
You are too large for most types of armour.
You have claws for hands.
Your natural rate of healing is unusually fast.
You are covered in fur. (AC +1)
You have tough skin. (AC +1)


Message History

You start resting.
HP restored.
You see here a black mamba corpse.
A skyshark comes into view.
You mangle the skyshark!!
The skyshark is heavily wounded.
The skyshark closely misses you. The skyshark tail-slaps you. x2
You gain the combat prowess of a mighty hero.
The skyshark bites you!
The skyshark tastes blood and grows stronger!
The skyshark tail-slaps you! The skyshark tail-slaps you.
You scratch the skyshark.
The skyshark is heavily wounded.
You completely miss the skyshark.
The skyshark is heavily wounded.
The skyshark bites you!
The skyshark enters a blood-rage!
The skyshark tail-slaps you! x2
You claw the skyshark!
The skyshark is severely wounded.
The skyshark bites you! The skyshark tail-slaps you!
The skyshark completely misses you.
You scratch the skyshark but do no damage.
The skyshark is severely wounded.
The skyshark bites you! The skyshark tail-slaps you!
* * * LOW HITPOINT WARNING * * *
The skyshark tail-slaps you but does no damage.
Unknown command.
You scratch the skyshark.
The skyshark is severely wounded.
The skyshark bites you!!
* * * LOW HITPOINT WARNING * * *
The skyshark tail-slaps you!
* * * LOW HITPOINT WARNING * * *
The skyshark tail-slaps you.
* * * LOW HITPOINT WARNING * * *
Unknown command.
You barely miss the skyshark.
The skyshark is severely wounded.
The skyshark closely misses you. The skyshark tail-slaps you!
You die...

#..........
##.........
##P†.......
#..........
#.....##...
###...P......
#P#.........
#............
#.h..........
#..#l.........
#.#..........
#.. #........
#.. .........
#..# ........#
.... P.....#..
##. ......


You could see a skyshark (berserk).

Vanquished Creatures
  Gastronok (Lair:1)
  Erica (Lair:1)
  2 two-headed ogres
  A boulder beetle (D:11)
  A death yak (Lair:1)
  Nergalle (Lair:1)
  Pikel (D:7)
  A cyclops (D:8)
  A black mamba (Lair:2)
  Joseph (Lair:1)
  A gargoyle (D:9)
  A rime drake (Lair:1)
  3 unseen horrors (D:11)
  A komodo dragon (Lair:1)
  5 trolls
  5 blink frogs (Lair:1)
  A hornet (D:8)
  A wraith (D:9)
  A vampire (D:9)
  11 yaks
  A steam dragon (D:10)
  2 vampire mosquitoes (D:11)
  An acid dragon (D:8)
  5 water moccasins
  7 orc warriors
  3 sky beasts
  5 ogres
  3 black bears
  4 centaurs
  3 phantoms
  2 lemures (D:6)
  6 kobold brigands (Bailey)
  3 bullfrogs (Lair:1)
  A gnoll sergeant (D:9)
  2 scorpions
  A wight (D:9)
  14 killer bees
  5 electric eels (D:11)
  2 hounds (D:4)
  A jelly (D:7)
  3 orc priests
  A gnoll bouda (D:5)
  Jessica (D:2)
  10 orc wizards
  2 sleepcaps
  5 iguanas
  A mummy (D:7)
  15 gnolls
  10 adders
  An ufetubus (D:4)
  A worm (D:11)
  3 dart slugs
  18 orcs
  9 ball pythons
  8 endoplasms
  4 giant cockroaches
  10 goblins
  7 hobgoblins
  9 jackals
  17 kobolds
  5 quokkas
  5 bats
  2 frilled lizards
  2 hobgoblin zombies (D:7)
  2 kobold zombies (D:7)
  5 rats
268 creatures vanquished.

Notes
Turn   | Place    | Note
-------+----------+-------------------------------------------
     0 | D:1      | MacCMillion the Troll Shapeshifter began the quest for the
                  | Orb.
     0 | D:1      | Reached XP level 1. HP: 18/18 MP: 0/0
   552 | D:1      | Reached XP level 2. HP: 23/26 MP: 1/1
   620 | D:1      | Found a faded altar of an unknown god.
  1006 | D:2      | Noticed Jessica
  1014 | D:2      | Reached skill level 4 in Unarmed Combat
  1323 | D:2      | Killed Jessica
  1324 | D:2      | Reached XP level 3. HP: 32/32 MP: 2/2
  1500 | D:2      | Reached skill level 5 in Unarmed Combat
  1500 | D:2      | Reached XP level 4. HP: 38/40 MP: 3/3
  1593 | D:2      | Found Gifanij's Antique Weapon Shoppe.
  2168 | D:3      | Reached XP level 5. HP: 46/46 MP: 4/4
  2265 | D:3      | Reached skill level 6 in Unarmed Combat
  2614 | D:4      | Found a staircase to the Ecumenical Temple.
  2663 | Temple   | Entered the Ecumenical Temple
  3007 | D:4      | Reached XP level 6. HP: 52/54 MP: 5/5
  3013 | D:4      | Reached skill level 7 in Unarmed Combat
  3111 | D:5      | Entered Level 5 of the Dungeon
  3194 | D:5      | Reached skill level 8 in Unarmed Combat
  3194 | D:5      | Reached XP level 7. HP: 47/61 MP: 6/6
  3569 | D:5      | Reached skill level 9 in Unarmed Combat
  4215 | D:6      | Reached skill level 10 in Unarmed Combat
  4215 | D:6      | Reached XP level 8. HP: 52/68 MP: 7/7
  4280 | D:6      | Found Cut Keuq's Armour Shop.
  4582 | D:6      | Reached skill level 11 in Unarmed Combat
  4582 | D:6      | Reached skill level 1 in Fighting
  4842 | D:6      | Found a sparkling altar of Nemelex Xobeh.
  5069 | D:7      | Noticed Pikel
  5233 | D:7      | Reached XP level 9. HP: 74/83 MP: 8/8
  5272 | D:7      | Reached skill level 5 in Shapeshifting
  5403 | D:7      | Identified the +1 war axe of the Nurturing Bear {speed,
                  | *Slow +Blink Int-4 Dex+9}
  5575 | D:7      | Killed Pikel
  5576 | D:7      | Reached skill level 5 in Fighting
  5860 | D:8      | Found a burning altar of Makhleb.
  5910 | D:8      | Noticed a two-headed ogre
  5920 | D:8      | Killed a two-headed ogre
  5921 | D:8      | Reached XP level 10. HP: 58/98 MP: 9/9
  6396 | D:8      | Found a basalt altar of Yredelemnul.
  6396 | D:8      | Found an iron altar of Okawaru.
  6402 | D:8      | Found a stormy altar of Qazlal.
  6406 | D:8      | Found a broken altar of Ashenzari.
  6409 | D:8      | Became a worshipper of Warmaster Okawaru
  6472 | D:8      | Found a bloodstained altar of Trog.
  6482 | D:8      | Found a staircase to the Lair.
  6572 | D:8      | Noticed a cyclops
  6594 | D:8      | Killed a cyclops
  6698 | D:8      | Found an opulent altar of Gozag.
  6698 | D:8      | Found a faded altar of an unknown god.
  6707 | D:8      | Found a faded altar of an unknown god.
  6716 | D:8      | Found a glowing golden altar of the Shining One.
  6722 | D:8      | Found an ornate altar of the Wu Jian Council.
  6845 | D:9      | Found a shadowy altar of Dithmenos.
  6966 | D:9      | Reached * piety under Okawaru
  7001 | D:9      | Found a flagged portal.
  7017 | D:9      | Reached skill level 1 in Invocations
  7027 | Bailey   | Entered a bailey
  7354 | Bailey   | Found a bloodstained altar of Trog.
  7397 | Bailey   | Identified the +2 shortbow "Joweetao" {heavy, Stlth+}
  7695 | D:9      | Found a glowing silver altar of Zin.
  7697 | D:9      | Found a sacrificial altar of Ru.
  7701 | D:9      | Reached ** piety under Okawaru
  7769 | D:9      | Reached XP level 11. HP: 110/110 MP: 12/12
  7880 | D:9      | Identified the +10 whip "Dragonbane" {vamp, +Blink rF- rN++
                  | Dex+4}
  8354 | D:10     | Entered Level 10 of the Dungeon
  8574 | D:10     | Reached *** piety under Okawaru
  8682 | D:10     | Found a white marble altar of Elyvilon.
  9498 | D:11     | Found a snail-covered altar of Cheibriados.
  9628 | D:11     | Found a runed translucent gate.
  9630 | D:11     | Found a runed translucent gate.
  9631 | D:11     | Found a runed translucent gate.
  9636 | D:11     | Noticed Tarkan's ghost (journeyman MiBe)
  9641 | D:11     | Noticed a two-headed ogre
  9647 | D:11     | Killed a two-headed ogre
  9920 | D:11     | Noticed a boulder beetle
  9930 | D:11     | Killed a boulder beetle
  9930 | D:11     | Reached **** piety under Okawaru
 10119 | D:11     | Received a gift from Okawaru
 10586 | Lair:1   | Entered Level 1 of the Lair of Beasts
 10626 | Lair:1   | Reached skill level 1 in Throwing
 10907 | Lair:1   | Noticed Gastronok
 10959 | Lair:1   | Killed Gastronok
 10959 | Lair:1   | Reached ***** piety under Okawaru
 11037 | Lair:1   | Noticed Erica
 11268 | Lair:1   | Killed Erica
 11269 | Lair:1   | Reached skill level 5 in Throwing
 11476 | Lair:1   | Noticed Nergalle
 11483 | Lair:1   | Killed Nergalle
 11484 | Lair:1   | Reached XP level 12. HP: 123/123 MP: 13/13
 11605 | Lair:1   | Noticed Joseph
 11622 | Lair:1   | Killed Joseph
 11949 | Lair:2   | Noticed a death yak
 11949 | Lair:2   | Noticed a death yak
 11949 | Lair:2   | Noticed a death yak
 11949 | Lair:2   | Noticed a death yak
 11949 | Lair:2   | Noticed a death yak
 11959 | Lair:1   | Killed a death yak
 11959 | Lair:1   | Received a gift from Okawaru
 12225 | Lair:2   | HP: 6/124 [skyshark (9)]
 12225 | Lair:2   | HP: 2/124 [skyshark (4)]
 12226 | Lair:2   | Mangled by a skyshark

Illustrated notes

Levels and vault maps discovered:
D:1:      lightli_arrival_lavapool, layout_basic,
          shapermc_ecumenical_altar_ellora, grunt_decor_resistance,
          corexii_item_surrounded_by_moat, serial_bayou_lagoon_b
D:2:      layout_basic, serial_shops, shop, kennysheep_cluttered_room,
          dk_vineyard_2, uniq_jessica
D:3:      layout_rooms
D:4:      layout_rooms, temple_doors_e
D:5:      layout_basic
D:6:      layout_rooms, nemelex_dance_club_becter, serial_shops, shop
D:7:      layout_cave_pools, minmay_mini_ossuary, uniq_pikel
D:8:      layout_cave_pools, mainiacjoe_overflow_cross_hatched,
          general_overflow_altar, chequers_temple_overflow_minitemple,
          nicolae_overflow_macrodata_refinement, lair_entry_dummy,
          small_chamber_with_monster
D:9:      layout_basic, lemuel_tele_altar,
          chequers_temple_overflow_statue_of_worship, enter_bailey_2,
          kennysheep_generic_room_7
D:10:     layout_roguey, kennysheep_little_box, minmay_large_rounded_square
D:11:     layout_basic, gammafunk_ghost_spectres, slow_altar_2
Temple:   nicolae_temple_superstar
Lair:1:   layout_regular_city, uniq_joseph, uniq_erica, uniq_nergalle,
          uniq_gastronok
Lair:2:   layout_layer_cave, lemuel_fruit_tree

Skill      XL: |  1  2  3  4  5  6  7  8  9 10 11 12 |
---------------+-------------------------------------+-----
Unarmed Combat | 4 5 6 8 10 11 | 11.0
Fighting       | 3 5 7 9 |  9.5
Shapeshifting  | 4 6 8 9 |  9.9
Invocations    | 2 3 4 |  4.0
Throwing       | 5 |  5.0
Dodging        | |  1.5

Action                     |  1- 3 |  4- 6 |  7- 9 | 10-12 || total
---------------------------+-------+-------+-------+-------++-------
  Melee: Unarmed           |    58 |   146 |   166 |   345 ||   715
         Punch             |       |     6 |    10 |    19 ||    35
  Throw: Javelin           |       |       |    13 |     2 ||    15
         Dart              |       |       |       |    13 ||    13
 Invoke: Heroism           |       |       |       |     2 ||     2
    Use: Scroll            |       |       |       |    15 ||    15
   Stab: Sleeping          |       |     1 |       |       ||     1
 Armour: Animal skin       |    14 |    43 |    17 |       ||    74
         Robe              |       |       |     2 |     5 ||     7
         Acid dragon scale |       |       |       |    90 ||    90
  Dodge: Dodged            |    32 |   110 |    59 |   173 ||   374

Table legend: (Time is in decaauts)
 A = Elapsed time spent in this place.
 B = Non-inter-level travel time spent in this place.
 C = Inter-level travel time spent in this place.
 D = Time resting spent in this place.
 E = Time spent auto-exploring this place.
 F = Levels seen in this place.
 G = Mean time per level.
                   A        B        C        D        E       F      G
               +--------+--------+--------+--------+--------+-----+--------+
         Total |  12142 |  11581 |    561 |   2254 |   7141 |  15 |  809.5 |
       Dungeon |  10330 |   9814 |    516 |   1784 |   6270 |  11 |  939.1 |
        Temple |      4 |      3 |      1 |      0 |      0 |   1 |    4.0 |
          Lair |   1417 |   1374 |     43 |    323 |    795 |   2 |  708.5 |
        Bailey |    390 |    390 |      0 |    146 |     76 |   1 |  390.0 |
               +--------+--------+--------+--------+--------+-----+--------+

Top non-repeatable levels by time:
    D:11: 1322 daAuts
     D:1: 1295 daAuts
  Lair:1: 1197 daAuts
     D:9: 1185 daAuts
     D:8: 1129 daAuts
     D:5: 1100 daAuts
    D:10: 846 daAuts
     D:6: 827 daAuts
     D:2: 813 daAuts
     D:7: 769 daAuts
     D:4: 615 daAuts
     D:3: 423 daAuts
  Bailey: 390 daAuts
  Lair:2: 219 daAuts
  Temple: 4 daAuts
